 Dungeon Crawl Stone Soup version 0.17-a0-1651-gae1a69f (webtiles) character file.

7606 abixa the Grappler (level 11, 0/69 HPs)
             Began as a Gargoyle Earth Elementalist on Aug 14, 2015.
             Was a Priest of Okawaru.
             Slain by a hill giant
             ... wielding a +0 giant club
              (11 damage)
             ... on level 9 of the Dungeon.
             The game lasted 01:06:57 (15939 turns).

abixa the Grappler (Gargoyle Earth Elementalist)   Turns: 15939, Time: 01:06:58

Health: 0/69       AC: 22    Str: 11    XL:     11   Next: 17%
Magic:  14/14      EV: 12    Int: 28    God:    Okawaru [***...]
Gold:   466        SH:  0    Dex: 10    Spells: 3 memorised, 8 levels left

rFire  . . .     SeeInvis .     J - +3 hunting sling "Focess" {venom, rPois}
rCold  . . .     Clarity  .     r - +0 scale mail
rNeg   + + .     SustAt   .     (no shield)
rPois  ∞         Gourm    .     b - +2 hat {Int+3}
rElec  +         Spirit   .     D - +2 cloak {rPois}
rCorr  .         Warding  .     g - +0 pair of gloves
rMut   +         Stasis   .     (no boots)
MR     .....                    q - amulet of resist mutation
Stlth  ..........               P - +3 ring of evasion
                                A - ring of Loadgh {Wiz rPois rN+ Int+5 Stlth-}

@: studying Armour, not resistant to hostile enchantments, extremely unstealthy
A: negative energy resistance 1, electricity resistance, unbreathing,
petrification resistance, rot immunity, AC +7
a: Heroism, Renounce Religion


You were on level 9 of the Dungeon.
You worshipped Okawaru.
Okawaru was most pleased with you.
You were hungry.

You visited 2 branches of the dungeon, and saw 11 of its levels.
You also visited: Sewer, Ossuary and Bailey.

You collected 466 gold pieces.

Inventory:

Hand weapons
 J - the +3 hunting sling "Focess" (weapon) {venom, rPois}
   (You found it on level 4 of the Dungeon)

   It poisons the ammo it fires.
   It protects you from poison.
Missiles
 c - 174 stones
 l - 25 poisoned needles
 u - 23 sling bullets (quivered)
 z - 3 poisoned sling bullets
 M - 7 needles of slowing
Armour
 b - a +2 hat of intelligence (worn)
 g - a +0 pair of gloves (worn)
 r - a +0 scale mail (worn)
 D - a +2 cloak of poison resistance (worn)
Jewellery
 j - an uncursed ring of sustain attributes
 q - an amulet of resist mutation (around neck)
 y - an uncursed ring of positive energy
 A - the ring of Loadgh (left hand) {Wiz rPois rN+ Int+5 Stlth-}
   (You found it on level 9 of the Dungeon)

   [ring of wizardry]

   It improves your spell success rate.
   It affects your intelligence (+5).
   It protects you from poison.
   It protects you from negative energy.
   It makes you less stealthy.
 H - an uncursed ring of wizardry
 I - an uncursed ring of ice
 P - a +3 ring of evasion (right hand)
Magical devices
 X - a wand of digging (9)
Scrolls
 d - a scroll of amnesia
 e - a scroll of noise {unknown}
 h - a scroll of enchant armour
 i - 11 scrolls of teleportation
 m - 4 scrolls of remove curse
 p - 2 scrolls of immolation {unknown}
 s - a scroll of silence {unknown}
 x - 2 scrolls of blinking
 E - 3 scrolls of recharging
 F - 5 scrolls of magic mapping
 W - 2 scrolls of fog
 Y - a scroll of torment {unknown}
 Z - 2 scrolls of enchant weapon
Potions
 f - 6 potions of curing
 n - 4 potions of flight
 o - a potion of experience {unknown}
 t - 3 potions of agility
 B - a potion of invisibility {unknown}
 G - a potion of mutation {unknown}
 K - 3 potions of brilliance
 L - a potion of resistance
 O - a potion of lignification {unknown}
 R - 2 potions of berserk rage {unknown}
 S - a potion of heal wounds {unknown}
 U - 2 potions of haste {unknown}
Books
 w - a manual of
Armour
 Q - a book of Geomancy

   Spells                             Type                      Level
   a - Sandblast                      Earth                        1
   b - Stoneskin                      Transmutation/Earth          2
   c - Passwall                       Transmutation/Earth          3
   d - Stone Arrow                    Conjuration/Earth            3
   e - Petrify                        Transmutation/Earth          4
   f - Lee's Rapid Deconstruction     Earth                        5
 T - a Grand Grimoire

   Spells                             Type                      Level
   a - Monstrous Menagerie            Summoning                    6
   b - Summon Greater Demon           Summoning                    7
   c - Malign Gateway                 Summoning/Translocation      7
   d - Summon Horrible Things         Summoning                    8
Comestibles
 k - a slice of pizza
 v - 9 bread rations
 C - 2 fruits
 N - 2 meat rations
 V - a royal jelly


   Skills:
 - Level 8.6 Fighting
 + Level 8.7 Armour
 - Level 2.0 Dodging
 - Level 2.1 Stealth
 - Level 12.2 Unarmed Combat
 - Level 2.0 Spellcasting
 - Level 0.7 Transmutations
 - Level 3.6 Earth Magic
 - Level 1.2 Invocations


You had 8 spell levels left.
You knew the following spells:

 Your Spells              Type           Power        Failure   Level  Hunger
a - Sandblast             Erth           ###...       4%          1    None
b - Stoneskin             Trmt/Erth      ##......     12%         2    ##.....
c - Passwall              Trmt/Erth      ##........   26%         3    ###....


Dungeon Overview and Level Annotations

Branches:
Dungeon (10/15)            Temple (1/1) D:6
   Lair: D:8-11         Orc: D:9-12

Altars:
Ashenzari
Cheibriados
Elyvilon
Fedhas
Gozag
Kikubaaqudgha
Makhleb
Nemelex Xobeh
Okawaru
Qazlal
Ru
Sif Muna
Trog
Vehumet
Xom
Yredelemnul
Zin
The Shining One

Annotations:
D:6 asdu's ghost, experienced MfBe


Innate Abilities, Weirdness & Mutations

You are resistant to torment.
Your stone body is resilient (AC +7).
You are immune to poison.
You resist negative energy.
You are resistant to electric shocks.
You can survive without breathing.
You are immune to petrification.
You are immune to rotting.


Message History

You climb upwards.
There is a stone staircase leading down here.
Unknown command.
Read which item? (? for menu, Esc to quit)
Okay, then.
Unknown command.
Unknown command.
Read which item? (? for menu, Esc to quit)
As you read the scroll labeled DYS MERIJI, it crumbles to dust.
Forget which spell ([?*] list [ESC] exit)?
Forget which spell ([?*] list [ESC] exit)?
Okay, then.
It was a scroll of amnesia.
Read which item? (? for menu, Esc to quit)
As you read the scroll labeled KINOVI QOCITAR, it crumbles to dust.
It is a scroll of enchant armour.
Enchant which item? (? for menu, Esc to quit)
Your +1 hat of intelligence glows green for a moment.
The hill giant hits you with a giant club!
You die...

# #.### # ####.#### #
#.......#
################.......#
'......................#
################...)...#
# #.......# # #.C....>#
# #.@.....# # #.......#
# #.......# #.......#
#########


You could see a hill giant.

Vanquished Creatures
  An orc knight (Bailey)
  A troll (D:9)
  A two-headed ogre (D:8)
  The ghost of CipHuK the Cudgeler, an average OgHu (D:6)
  A wyvern (D:9)
  5 yaks (D:9)
  2 hippogriffs (D:7)
  Grum (D:8)
  3 wolves (D:8)
  A hungry ghost (D:8)
  A black bear (D:8)
  A phantom (D:6)
  A sky beast (D:7)
  An ice beast (D:6)
  14 orc warriors
  5 ogres
  A centaur (D:9)
  A crocodile (D:7)
  Blork the orc (D:5)
  2 giant frogs
  3 scorpions
  A wyvern skeleton (D:8)
  4 killer bees
  7 wights
  2 crimson imps
  2 bog bodies (Ossuary)
  5 giant frog zombies
  2 centaur zombies (Ossuary)
  5 hounds
  Crazy Yiuf (D:3)
  5 orc priests
  2 jellies
  4 iguanas
  8 worker ants
  A killer bee zombie (Ossuary)
  4 orc wizards
  15 mummies (Ossuary)
  5 hound zombies
  3 worker ant zombies (Ossuary)
  10 adders
  A shadow imp (D:7)
  7 oozes
  An adder skeleton (D:5)
  4 adder zombies
  4 worms (Sewer)
  5 giant geckos
  50 orcs
  11 bats
  8 giant cockroaches
  2 gnoll zombies (D:2)
  10 goblins
  4 hobgoblins
  16 jackals
  2 ball pythons (Sewer)
  2 giant gecko zombies (Ossuary)
  6 giant newts
  A jackal skeleton (D:9)
  A kobold (D:1)
  5 quokkas
  2 quokka zombies
  8 rats
  A rat zombie (D:8)
285 creatures vanquished.

Vanquished Creatures (others)
  A plant (Ossuary)
1 creature vanquished.

Grand Total: 286 creatures vanquished

Notes
Turn   | Place    | Note
--------------------------------------------------------------
     0 | D:1      | abixa the Gargoyle Earth Elementalist began the quest for the Orb.
     0 | D:1      | Reached XP level 1. HP: 10/10 MP: 3/3
   330 | D:1      | Reached skill level 1 in Unarmed Combat
   421 | D:1      | Reached XP level 2. HP: 15/15 MP: 5/5
  1202 | D:2      | Found a basalt altar of Yredelemnul.
  1235 | D:2      | Reached XP level 3. HP: 19/19 MP: 2/6
  1922 | D:3      | Noticed CipHuK's ghost (average OgHu)
  2184 | D:3      | Found an opulent altar of Gozag.
  2263 | D:3      | Found a glowing drain.
  2267 | Sewer    | Entered a sewer
  2274 | Sewer    | Reached XP level 4. HP: 20/24 MP: 0/7
  2878 | Sewer    | Reached skill level 4 in Unarmed Combat
  3638 | D:3      | Noticed Crazy Yiuf
  3656 | D:3      | Killed Crazy Yiuf
  3656 | D:3      | Reached XP level 5. HP: 25/28 MP: 8/8
  3709 | D:3      | Found a radiant altar of Vehumet.
  4122 | D:4      | Reached skill level 5 in Unarmed Combat
  4265 | D:4      | Learned a level 2 spell: Stoneskin
  4276 | D:4      | Learned a level 3 spell: Passwall
  4334 | D:4      | Reached XP level 6. HP: 24/32 MP: 9/9
  4461 | D:4      | Found a deep blue altar of Sif Muna.
  4474 | D:4      | Got an encrusted hunting sling
  4694 | D:4      | Reached skill level 6 in Unarmed Combat
  4824 | D:4      | Found a sparkling altar of Nemelex Xobeh.
  4825 | D:4      | Found an opulent altar of Gozag.
  4956 | D:4      | Identified the cursed +3 hunting sling "Focess" {venom, rPois} (You found it on level 4 of the Dungeon)
  4982 | D:4      | Reached skill level 7 in Unarmed Combat
  4982 | D:4      | Reached XP level 7. HP: 16/36 MP: 10/10
  5439 | D:4      | Reached skill level 1 in Fighting
  5439 | D:4      | Reached skill level 1 in Armour
  6095 | D:5      | Entered Level 5 of the Dungeon
  6233 | D:5      | Found a stormy altar of Qazlal.
  6239 | D:5      | Found a blossoming altar of Fedhas.
  6404 | D:5      | Noticed Blork the orc
  6423 | D:5      | Killed Blork the orc
  6423 | D:5      | Reached XP level 8. HP: 38/45 MP: 11/11
  6736 | D:6      | Reached skill level 8 in Unarmed Combat
  7091 | D:6      | Noticed asdu's ghost (experienced MfBe)
  7628 | D:6      | Found a bloodstained altar of Trog.
  7825 | D:6      | Found an ancient bone altar of Kikubaaqudgha.
  7850 | D:6      | Found a staircase to the Ecumenical Temple.
  7859 | Temple   | Entered the Ecumenical Temple
  7890 | Temple   | Became a worshipper of Warmaster Okawaru
  8160 | D:6      | Reached skill level 5 in Armour
  8380 | D:6      | Killed CipHuK's ghost
  8380 | D:6      | Reached skill level 5 in Fighting
  8380 | D:6      | Reached XP level 9. HP: 40/54 MP: 12/12
  8505 | D:7      | Acquired Okawaru's first power
  8533 | D:7      | Reached skill level 9 in Unarmed Combat
  8600 | D:7      | Found a burning altar of Makhleb.
  8601 | D:7      | Found a shimmering altar of Xom.
  8759 | D:7      | Reached skill level 1 in Invocations
  9697 | D:7      | Found a glowing silver altar of Zin.
 10287 | D:8      | Found a sand-covered staircase.
 10320 | Ossuary  | Entered an ossuary
 10370 | Ossuary  | Reached skill level 10 in Unarmed Combat
 10677 | Ossuary  | Reached XP level 10. HP: 41/61 MP: 13/13
 11373 | D:8      | Noticed Grum
 11396 | D:8      | Killed Grum
 12178 | D:8      | Reached skill level 11 in Unarmed Combat
 12513 | D:9      | Got a twitching golden ring
 12515 | D:9      | Identified the ring of Loadgh {Wiz rPois rN+ Int+5 Stlth-} (You found it on level 9 of the Dungeon)
 12729 | D:9      | Found an iron altar of Okawaru.
 12811 | D:9      | Received a gift from Okawaru
 13425 | D:10     | Entered Level 10 of the Dungeon
 13450 | D:10     | Found a flagged portal.
 13476 | Bailey   | Entered a bailey
 14453 | Bailey   | Reached XP level 11. HP: 60/68 MP: 14/14
 15328 | Bailey   | Reached skill level 12 in Unarmed Combat
 15491 | Bailey   | Noticed an orc knight
 15526 | Bailey   | Killed an orc knight
 15746 | D:10     | Noticed a centaur warrior
 15931 | D:10     | Noticed a hill giant
 15932 | D:10     | Noticed a cyclops
 15939 | D:9      | Slain by a hill giant

Vault maps used:
D:1:      evilmike_arrival_plus
D:2:      lemuel_zombie_altar_yredelemnul
D:3:      nicolae_overflow_hidden_temple, fiery_altar_vehumet,
          gup_sewer_entry_spiral, grunt_gozag_breadcrumbs,
          uniq_crazy_yiuf_cottage
D:4:      grunt_temple_overflow_opulence, lemuel_doored_altar
D:5:      grunt_temple_overflow_forces_of_nature, first_bread,
          uniq_blork_the_orc
D:6:      kennysheep_mini, kiku_gazebo_garden_becter,
          minmay_temple_entry_large_hall, dk_rats_in_the_wall
D:7:      grunt_temple_overflow_champion_of_chaos, zin_academy
D:8:      enter_ossuary_4, uniq_grum
D:9:      basic_altar
D:10:     minmay_cut_squares, basic_altar, enter_bailey_3, serial_shops, shop,
          uniq_snorg
Temple:   circular_temple_6
Sewer:    sewer_fruit_machine
Ossuary:  ossuary_zaba_flooded
Bailey:   bailey_polearm_2, bailey

Action                   |  1- 3 |  4- 6 |  7- 9 | 10-12 || total
-------------------------+-------+-------+-------+-------++-------
Melee: Unarmed           |   174 |   137 |   520 |   269 ||  1100
       Whip              |       |    35 |       |       ||    35
 Fire: Hunting sling     |       |    20 |    81 |   160 ||   261
Throw: Stone             |     2 |       |     1 |       ||     3
 Cast: Sandblast         |    19 |    22 |       |       ||    41
Invok: Heroism           |       |       |       |     3 ||     3
Evoke: Wand              |       |       |       |     8 ||     8
  Use: Scroll            |       |     6 |     4 |     8 ||    18
       Potion            |       |     1 |       |       ||     1
 Stab: Sleeping          |       |     3 |       |       ||     3
  Eat: Chunk             |     4 |    10 |    16 |    16 ||    46
       Fruit             |       |       |     3 |     1 ||     4
